 Dungeon Crawl Stone Soup version 0.24.0-13-gcf9b319 (webtiles) character file.

Game seed: 16683110196637456400, levelgen mode: deterministic

84 Fortress the Magician (level 4, -3/28 HPs)
             Began as an Octopode Transmuter on Jan 7, 2020.
             Slain by a gnoll
             ... wielding a +1 spear of venom
              (7 damage)
             ... on level 2 of the Dungeon.
             The game lasted 00:07:16 (1764 turns).

Fortress the Magician (Octopode Transmuter)         Turns: 1764, Time: 00:07:17

Health: -3/28      AC:  1    Str:  9    XL:     4   Next: 46%
Magic:  8/9        EV: 13    Int: 16    God:
Gold:   57         SH:  0    Dex: 12    Spells: 9/10 levels left

rFire    . . .     SeeInvis .     - Unarmed
rCold    . . .     Gourm    .   (no shield)
rNeg     . . .     Faith    .   (helmet restricted)
rPois    .         Spirit   .   (no amulet)
rElec    .         Reflect  .   b - ring of wizardry
rCorr    .         Harm     .   (no ring)
MR       .....                  (no ring)
Stlth    ++........             (no ring)
HPRegen  0.09/turn              (no ring)
MPRegen  0.11/turn              (no ring)
                                (no ring)
                                (no ring)

@: lethally poisoned (-3 -> -27), appendage
A: almost no armour, stealthy swim, amphibious, 8 rings, constrict 8, tentacle
spike 3, camouflage 1, gelatinous body 1
a: End Transformation


You were on level 2 of the Dungeon.
You were not hungry.
One of your tentacles had a temporary spike.
You visited 1 branch of the dungeon, and saw 2 of its levels.

You collected 57 gold pieces.

Inventory:

Missiles
 a - 12 arrows
 j - 6 curare-tipped darts (quivered)
Jewellery
 b - a ring of wizardry (left tentacle)
Scrolls
 d - 2 scrolls of teleportation {unknown}
 e - 3 scrolls of identify {unknown}
 h - a scroll of enchant armour {unknown}
 i - a scroll of fear {unknown}
Potions
 f - a potion of curing {unknown}
 g - a potion of invisibility {unknown}
 k - a potion of heal wounds
Comestibles
 c - 3 rations


   Skills:
 - Level 1.0 Fighting
 - Level 2.0 Dodging
 - Level 3.0 Unarmed Combat
 + Level 3.5 Spellcasting
 + Level 3.1 Transmutations


You had 9 spell levels left.
You knew the following spells:

 Your Spells              Type           Power        Failure   Level  Hunger
a - Beastly Appendage     Tmut           ##....       1%          1    None

Your spell library contained the following spells:

 Spells                   Type           Power        Failure   Level  Hunger
 Sticks to Snakes         Tmut           ##......     3%          2    ##.....
 Spider Form              Tmut/Pois      #.........   12%         3    ###....
 Ice Form                 Ice/Tmut       #.......     34%         4    ####...
 Blade Hands              Tmut           ##........   45%         5    ######.


Dungeon Overview and Level Annotations

Branches:
Dungeon (2/15)

Altars:


Innate Abilities, Weirdness & Mutations

You cannot wear most types of armour.
You are very stealthy in the water. (Stealth+)
You are amphibious.
You can wear up to eight rings at the same time.
You can use your tentacles to constrict eight enemies at once.
Your skin changes colour to match your surroundings (Stealth+).
Your rubbery body absorbs attacks. (AC +1, EV +1)
One of your tentacles bears a large vicious spike.


Message History

The gnoll closely misses you.
You tentacle-slap the gnoll. Your grab misses the gnoll.
The gnoll is moderately wounded.
The gnoll hits you from afar with a +1 spear of venom.
You are more poisoned.
The gnoll closely misses you.
Casting: Beastly Appendage (safe; 1% risk of failure)
Confirm with . or Enter, or press ? or * to list all spells.
One of your tentacles grows a vicious spike.
You feel sick.
The gnoll hits you from afar with a +1 spear of venom!
You are more poisoned.
The gnoll hits you.
* * * LOW HITPOINT WARNING * * *
You tentacle-slap the gnoll. Your grab misses the gnoll.
The gnoll is heavily wounded.
* * * LOW HITPOINT WARNING * * *
You feel sick.
The gnoll hits you from afar with a +1 spear of venom!
You die...

#. ##..##.#.#..#..#.#
#..###...##.#.#...#...#
.#........†..#.#.#..#..
..............†#
######†#.#########
#.#.# #...... ##.#.#
..... ##....##g.#
#.$...@g..# #........##
#.........#
##..........
###......##.# #.#......
# #.###.### #. .#


You could see 2 gnolls.

Vanquished Creatures
  2 gnolls
  2 adders (D:2)
  An ooze (D:1)
  4 dart slugs (D:1)
  3 leopard geckos
  2 giant cockroaches (D:2)
  2 goblins
  7 hobgoblins
  3 bats
  4 kobolds (D:1)
  3 rats
33 creatures vanquished.

Notes
Turn   | Place    | Note
-------+----------+-------------------------------------------
     0 | D:1      | Fortress the Octopode Transmuter began the quest for the
                  | Orb.
     0 | D:1      | Reached XP level 1. HP: 13/13 MP: 3/3
   153 | D:1      | Reached XP level 2. HP: 1/18 MP: 3/5
   676 | D:1      | Reached XP level 3. HP: 23/23 MP: 7/7
  1481 | D:2      | Reached XP level 4. HP: 16/28 MP: 9/9
  1764 | D:2      | Slain by a gnoll

Levels and vault maps discovered:
D:1:      dpeg_arrival_windows_large_door, layout_basic
D:2:      minmay_wonky_spiral, layout_loops_ring, minmay_misc_feat_diagonals,
          minmay_tetromino_i4, uniq_sigmund

Skill      XL: |  1  2  3 |
---------------+----------+-----
Spellcasting   | 3 |  3.5
Transmutations | 3 |  3.1
Fighting       | |  1.0
Dodging        | |  2.0
Unarmed Combat | |  3.0

Action                   |  1- 3 |  4- 6 || total
-------------------------+-------+-------++-------
Melee: Unarmed           |    72 |    15 ||    87
       Tentacles         |    10 |       ||    10
       Constrict         |    19 |     4 ||    23
       Kick              |     4 |       ||     4
 Cast: Beastly Appendage |    10 |     1 ||    11
  Use: Potion            |       |     1 ||     1
 Stab: Sleeping          |     5 |     1 ||     6
       Distracted        |       |     1 ||     1
  Eat: Ration            |       |     1 ||     1
Armor: Skin              |       |     2 ||     2
Dodge: Dodged            |    33 |    11 ||    44
